Unix NetHack Version 5.0.0-0 post-release - last build May 17 2026 04:57:42 (dc50c8380fa5e20985bfe3072449f57b8d9895ef,branch:main).

Game began 2026-05-18 02:41:15, ended 2026-05-18 02:49:52.

Brudee, neutral male human Wizard

                                                  -----
                                                  ....
                                                  ...
                                                 ...
                                                 ...
                                                 ..
                                                 ..
            --------                             |
            |......|     ------
            |......|     |.....####
            |......|     |....|####################
       #####.......-#    |....|#               ####
 ------#    |......|###  |....|               -.--.-
 |))).|#    |......|  ##@k....|               |....|
 |))).-#    --------     |>...|               |....|
 |))).|                  ------               |..<.|
 ------                                       ------

Brudee the Conjurer       St:9 Dx:13 Co:10 In:17 Wi:12 Ch:13  Neutral S:385
Dlvl:4  $:55 HP:0(24) Pw:19(30) AC:8  Xp:3/45 T:1433  Stun

Latest messages:
 You drop a crude dagger.
 Jumilhac offers 2 gold pieces for your crude dagger.  Sell it? [ynaq] (n) n
 You drop a crude dagger.
 Jumilhac offers 2 gold pieces for your crude dagger.  Sell it? [ynaq] (n) n
 Your movements are now unencumbered.
 You drop a long sword.
 Jumilhac offers 8 gold pieces for your long sword.  Sell it? [ynaq] (n) y
 You sold a long sword for 8 gold pieces.
 You drop a blessed +1 quarterstaff.
 Jumilhac offers 8 gold pieces for your quarterstaff.  Sell it? [ynaq] (n) n
 You hear someone cursing shoplifters.
 You begin bashing monsters with your bare hands.
 You hit the manes.
 You miss the manes.
 The manes just misses!
 The manes misses!
 The manes bites!
 You hit the manes.
 You miss the manes.
 You miss the manes.
 In what direction? l
 The spell hits the manes.
 In what direction? l
 The spell hits the manes!
 You destroy the manes!
 The giant bat bites!
 The giant bat bites!
 The giant bat bites!
 In what direction? j
 The spell hits the giant bat!
 You kill the giant bat!
 Welcome to experience level 3.
 You see here a giant bat corpse.
 There is a giant bat corpse here; eat it? [ynq] (n) y
 This giant bat corpse tastes terrible!
 You hear a door open.
 You finish eating the giant bat corpse.
 What do you want to wield? [- E or ?*] E
 E - a trident (weapon in right hand).
 The large kobold hits!
 You hit the large kobold.
 The large kobold hits!
 You are too impaired to cast a spell.
 What do you want to use or apply? [cgl-oA or ?*] l
 You flip through the pages of the spellbook of force bolt.
 The magical ink in this spellbook is fresh.
 The large kobold hits!
 You die...
 Do you want your possessions identified? [ynq] (y) y
 Do you want to see your attributes? [ynq] (y) q

Inventory:
 Coins    ('$')
  $ - 55 gold pieces
 Amulets  ('"')
  x - a cursed amulet of change
 Weapons  (')')
  E - a +0 trident (weapon in right hand)
 Armor    ('[')
  r - an uncursed +0 orcish helm (being worn)
  b - an uncursed +0 cloak of magic resistance (being worn)
 Scrolls  ('?')
  k - an uncursed scroll of charging
  s - an uncursed scroll of enchant weapon
  j - an uncursed scroll of identify
  v - a cursed scroll of light
  i - an uncursed scroll of teleportation
 Spellbooks  ('+')
  m - an uncursed spellbook of create monster
  A - a blessed spellbook of cure blindness
  l - a blessed spellbook of force bolt
 Potions  ('!')
  D - an uncursed potion of confusion
  t - 2 uncursed potions of healing
  z - a cursed potion of healing
  g - an uncursed potion of oil
  f - an uncursed potion of paralysis
  h - 2 uncursed potions of restore ability
 Rings    ('=')
  e - an uncursed +1 ring of increase accuracy
  d - an uncursed ring of polymorph
 Wands    ('/')
  c - a wand of stasis (0:6)
 Tools    ('(')
  o - an uncursed blindfold
  n - a magic marker (0:21)
 Gems/Stones  ('*')
  w - a cursed worthless piece of orange glass
  q - an uncursed worthless piece of yellowish brown glass

Brudee the Wizard's attributes:

Background:
 You were a Conjurer, a level 3 male human Wizard.
 You were neutral, on a mission for Thoth
 who was opposed by Ptah (lawful) and Anhur (chaotic).
 You were right-handed.
 You were in the Dungeons of Doom, on level 4.
 You entered the dungeon 1433 turns ago.
 It was nighttime.
 There was a new moon in effect when your adventure ended.
 You had 45 experience points, 35 more were needed to attain level 4.
 Your score was 385 before end-of-game adjustments.

Basics:
 You had 0 out of 24 hit points.
 You had 19 out of 30 energy points (spell power).
 Your armor class was 8.
 Your wallet contained 55 zorkmids.
 Autopickup was on for '$!=+?/"' plus thrown.

Final Characteristics:
 Your strength was 9 (limit:18/100).
 Your dexterity was 13 (limit:18).
 Your constitution was 10 (limit:18).
 Your intelligence was 17 (limit:18).
 Your wisdom was 12 (limit:18).
 Your charisma was 13 (limit:18).

Final Status:
 You were stunned.
 You weren't hungry.
 You were unencumbered.
 You were wielding a trident.
 You were unskilled in trident.

Final Attributes:
 You were devoutly aligned.
 You were magic-protected.
 You were warded.
 You are dead.

Miscellaneous:
 You didn't encounter any bones levels.
 Total elapsed playing time was 8 minutes and 34 seconds.

Major events:
 Turn
    1: Brudee the neutral male human Wizard entered the dungeon
 1384: attained the rank of Conjurer (level 3)
 1433: killed by a large kobold

Spells:
 Name                 Level Category     Fail Retention
 force bolt             1   attack         0%  91%-100%
 create monster         2   clerical      73%  76%-100%

Skills:
 Fighting Skills
   bare handed combat [Unskilled]
   riding             [Unskilled]
 Weapon Skills
   dagger             [Unskilled]
   knife              [Unskilled]
   axe                [Unskilled]
   short sword        [Unskilled]
   club               [Unskilled]
   mace               [Unskilled]
   quarterstaff       [Basic]
   polearms           [Unskilled]
   spear              [Unskilled]
   trident            [Unskilled]
   sling              [Unskilled]
   dart               [Unskilled]
   shuriken           [Unskilled]
 Spellcasting Skills
   attack spells      [Basic]
   healing spells     [Unskilled]
   divination spells  [Unskilled]
   enchantment spells [Basic]
   clerical spells    [Unskilled]
   escape spells      [Unskilled]
   matter spells      [Unskilled]

Voluntary challenges:
 Character rerolling was not enabled.
 You were illiterate.
 You never genocided any monsters.
 You never polymorphed an object.
 You never changed form.
 You used no wishes.
Achievements:
 You entered a shop.
 You attained the rank of Conjurer.

 The Dungeons of Doom: levels 1 to 4
    Level 1:
       A fountain.
    Level 2:
       Some fountains.
    Level 3:
       A fountain.
    Level 4: <- You were here.
       A weapon shop.
       Final resting place for
          you, killed by a large kobold.


Vanquished creatures:
  a giant bat
 an iguana
  a manes
  a giant rat
  2 geckos
  4 jackals
  a fox
  a kobold
  3 goblins
  2 sewer rats
  a grid bug
  a lichen
  2 newts
21 creatures vanquished.

No species were genocided or became extinct.

Game over:
                       ----------
                      /          \
                     /    REST    \
                    /      IN      \
                   /     PEACE      \
                  /                  \
                  |      Brudee      |
                  |      55 Au       |
                  |   killed by a    |
                  |   large kobold   |
                  |                  |
                  |                  |
                  |       2026       |
                 *|     *  *  *      | *
        _________)/\\_//(\/(/\)/\//\/|_)_______

Goodbye Brudee the Wizard...

You died in The Dungeons of Doom on dungeon level 4 with 380 points,
and 55 pieces of gold, after 1433 moves.
You were level 3 with a maximum of 24 hit points when you died.

